 Dungeon Crawl Stone Soup version 0.31-a0-187-gba352fbbf7 (webtiles) character file.

Game seed: 6645139049424395877

21 qw the Shooter (level 2, -9/16 HPs)
             Began as a Deep Elf Hunter on June 22, 2023.
             Mangled by Terence
             ... wielding a +2 hand axe of electrocution
              (17 damage)
             ... on level 2 of the Dungeon.
             The game lasted 00:00:14 (775 turns).

qw the Shooter (Deep Elf Hunter)                     Turns: 775, Time: 00:00:14

Health: -9/16      AC:  3    Str:  8    XL:     2   Next: 65%
Magic:  4/4        EV: 12    Int: 13    God:
Gold:   48         SH:  0    Dex: 18    Spells: 1/1 levels left

rFire   . . .        Y - +0 shortbow
rCold   . . .        (shield currently unavailable)
rNeg    + . .        c - +0 leather armour
rPois   .            (no helmet)
rElec   .            (no cloak)
rCorr   .            (no gloves)
SInv    .            (no boots)
Will    .....        (no amulet)
Stlth   ++           d - ring of positive energy
HPRegen 0.22/turn    (no ring)
MPRegen 0.09/turn

%: no passive effects
@: no status effects
A: no striking features
a: no special abilities


You were on level 2 of the Dungeon.
You visited 1 branch of the dungeon, and saw 2 of its levels.

You collected 48 gold pieces.


   Skills:
 - Level 1.5 Fighting
 + Level 6.4 Ranged Weapons
 - Level 2.4 Dodging
 - Level 1.2 Stealth


You had one spell level left.
You didn't know any spells.
Your spell library was empty.

Inventory:

Hand Weapons
 Y - a +0 shortbow (weapon)
Armour
 c - a +0 leather armour (worn)
Jewellery
 d - a ring of positive energy (left hand)
Potions
 f - a potion of lignification {unknown}

Dungeon Overview and Level Annotations

Branches:
Dungeon (2/15)

Altars:

Annotations:
D:2 Terence


Message History

(D) Dungeon
Where to? (* - list waypoints, ? - help)
What level of the Dungeon? (default 1, ? - help)
You see here a +0 mace.
You see here 6 stones.
There is an open door here.
There is a stone staircase leading down here.
You climb downwards.
Found 21 gold pieces.
There is a stone staircase leading up here.
Waypoint 1 assigned to D:2.
You now have 34 gold pieces (gained 7).
You now have 48 gold pieces (gained 14).
You feel a little less clever now.
A kobold comes into view. It is wielding a +0 club.
The kobold shouts!
You shoot an arrow. The arrow misses the kobold.
You shoot an arrow. The arrow hits the kobold.
You kill the kobold!
A rat comes into view.
You shoot an arrow. The arrow hits the rat.
You kill the rat!
Terence the Incautious comes into view.
He is wielding a +2 hand axe of electrocution.
You shoot an arrow.
Terence shouts!
The arrow hits Terence but does no damage.
You shoot an arrow. The arrow closely misses Terence.
You shoot an arrow.
The arrow hits Terence but does no damage.
Terence is nearby!
You shoot an arrow.
The arrow hits Terence but does no damage.
Terence closely misses you.
You shoot an arrow. The arrow hits Terence.
Terence is lightly wounded.
Terence hits you with a +2 hand axe of electrocution!
Ouch! That really hurt!
You are electrocuted!
Ouch! That really hurt!
You die...

#.........#
#.....# .
###...<.# ..
#.......# ...
#.##....# ...
####.#####.# ..
.) ..#.# #.#
....#.#.#.# #.#
......@@#.# #.#
..........#####.#
..#..#####......#
................#
##########.####.#
........# #.#
######### #.# #..
###


You could see Terence.

Vanquished Creatures
  A ball python (D:1)
  A bat (D:1)
  3 endoplasms (D:1)
  A goblin (D:1)
  4 jackals (D:1)
  A quokka (D:1)
  2 frilled lizards (D:1)
  3 kobolds
  3 rats
19 creatures vanquished.

Notes
Turn   | Place    | Note
-------+----------+-------------------------------------------
     0 | D:1      | qw the Deep Elf Hunter began the quest for the Orb.
     0 | D:1      | Reached XP level 1. HP: 12/12 MP: 3/3
     0 | D:1      | 0 ||| qw: Version: 0.3-a-9-g12657ce
     0 | D:1      | 0 ||| qw: Game counter: 2040
     0 | D:1      | 0 ||| qw: Always use a shield: true
     0 | D:1      | 0 ||| qw: God list: Okawaru
     0 | D:1      | 0 ||| qw: Allow faded altars: false
     0 | D:1      | 0 ||| qw: Do Orc after D:15 true
     0 | D:1      | 0 ||| qw: Do second Lair branch before Depths: true
     0 | D:1      | 0 ||| qw: Lair rune preference: random
     0 | D:1      | 0 ||| qw: Plans: Normal
     0 | D:1      | 0 ||| PLANNING D:1-11
   103 | D:1      | Reached XP level 2. HP: 15/16 MP: 4/4
   118 | D:1      | Reached skill level 6 in Ranged Weapons
   703 | D:1      | 703 ||| UPGRADING to ring of positive energy.
   704 | D:1      | 704 ||| READING scroll labelled ZULATZ ME GIGG.
   705 | D:1      | 705 ||| DRINKING 2 fuming cyan potions.
   706 | D:1      | 706 ||| DROPPING scroll of butterflies.
   707 | D:1      | 707 ||| DROPPING potion of brilliance.
   769 | D:2      | Noticed Terence
   775 | D:2      | Mangled by Terence

Levels and vault maps discovered:
D:1:      evilmike_arrival_rings, layout_loops_ring
D:2:      layout_basic, serial_shops, shop_fountains,
          hellmonk_ecumenical_altar_crossroads, basic_altar, uniq_terence

Skill      XL: |  1  2 |
---------------+-------+-----
Ranged Weapons | 6 |  6.4
Fighting       | |  1.5
Dodging        | |  2.4
Stealth        | |  1.2

Action                     || total
---------------------------++-------
   Fire: Shortbow          ||    55
    Use: Scroll            ||     1
         Potion            ||     1
 Armour: Leather armour    ||     4
  Dodge: Dodged            ||    16

Table legend:
 A = Non-vault XP
 B = Vault XP
 C = Vault XP percentage of total XP
 D = Non-vault monster count
 E = Vault monster count
 F = Vault count percentage of total count
                 A         B        C        D         E       F
            +---------+---------+-------+---------+---------+-------
      Total |      31 |       0 |   0.0 |      19 |       0 |   0.0
            +---------+---------+-------+---------+---------+-------
        D:1 |      29 |       0 |   0.0 |      17 |       0 |   0.0
        D:2 |       2 |       0 |   0.0 |       2 |       0 |   0.0
            +---------+---------+-------+---------+---------+-------
